 Dungeon Crawl Stone Soup version 0.27-a0-1105-g946c659c87 (webtiles) character file.

Game seed: 14332714641913783107

105 robertstho the Chopper (level 4, 0/28 HPs)
             Began as a Tengu Berserker on Apr 30, 2021.
             Was a Priest of Trog.
             Succumbed to an adder's poison
             ... on level 2 of the Dungeon.
             The game lasted 00:03:02 (2348 turns).

robertstho the Chopper (Tengu Berserker)            Turns: 2348, Time: 00:03:02

Health: 0/28       AC:  2    Str: 18    XL:     4   Next: 83%
Magic:  5/5        EV: 10    Int:  7    God:    Trog [***...]
Gold:   67         SH:  7    Dex: 14    Spells: 3/3 levels left

rFire    . . .     SeeInvis .   a - +0 hand axe
rCold    . . .     Faith    .   g - +0 kite shield
rNeg     . . .     Spirit   .   b - +0 animal skin
rPois    .         Reflect  .   (helmet restricted)
rElec    .         Harm     .   (no cloak)
rCorr    .         Rampage  .   (no gloves)
Will     .....                  (boots unavailable)
Stlth    ++........             (no amulet)
HPRegen  0.09/turn              (no ring)
MPRegen  0.09/turn              (no ring)

@: lethally poisoned (0 -> -3), on berserk cooldown, slowed, very slow
A: beak, talons 3
a: Renounce Religion, Berserk, Trog's Hand


You were on level 2 of the Dungeon.
You worshipped Trog.
Trog was most pleased with you.
You visited 1 branch of the dungeon, and saw 2 of its levels.

You collected 67 gold pieces.

Inventory:

Hand Weapons
 a - a +0 hand axe (weapon)
Armour
 b - a +0 animal skin (worn)
 g - a +0 kite shield (worn)
Scrolls
 e - a scroll of fear {unknown}
 h - a scroll of enchant weapon {unknown}
Potions
 c - a potion of brilliance {unknown}
 d - a potion of curing
 i - a potion of ambrosia


   Skills:
 + Level 3.5 Fighting
 + Level 4.7 Axes
 + Level 2.4 Armour
 + Level 2.9 Dodging
 + Level 1.2 Stealth


You had 3 spell levels left.
You didn't know any spells.
Your spell library was empty.

Dungeon Overview and Level Annotations

Branches:
Dungeon (2/15)

Altars:


Innate Abilities, Weirdness & Mutations

You have a beak for a mouth.
You have claws for feet.


Message History

You feel sick. The adder bites you.
You are lethally poisoned!
The adder poisons you! The jackal bites you.
You are too injured to fight recklessly!
You are too injured to fight recklessly!
A red film seems to cover your vision as you go berserk!
You feel yourself moving faster!
You feel mighty!
* * * LOW HITPOINT WARNING * * *
You feel very sick. The adder bites you.
* * * LOW HITPOINT WARNING * * *
The jackal bites you.
* * * LOW HITPOINT WARNING * * *
The adder closely misses you.
You barely miss the adder. You claw the adder.
You kill the adder!
Trog accepts your kill.
Your shield prevents you from hitting the jackal.
* * * LOW HITPOINT WARNING * * *
You feel sick.
The jackal bites you but does no damage.
The jackal barely misses you.
Your shield prevents you from hitting the jackal.
* * * LOW HITPOINT WARNING * * *
You feel sick. You block the jackal's attack.
You slash the jackal!
You kill the jackal!
Trog accepts your kill.
* * * LOW HITPOINT WARNING * * *
You feel sick.
* * * LOW HITPOINT WARNING * * *
You feel sick.
You feel a strong urge to attack something.
* * * LOW HITPOINT WARNING * * *
You feel sick.
You are too berserk!
You feel your anger nearly subside.
You are no longer berserk.
You are exhausted.
You feel yourself slow down.
You die...

#.#.##.# .. .##.# ... .##.#
######.##.# #.####†...#.##.#
#.....†...#.##.# #....####.#.##.#
######....#.##.# #........@#.##.#
#..††######.##.# #+# #.####
#.##.# #.# #.# #.##'## #.#
#.###### #...(.# #.# #..<...#
#.....# ####.#####....# #.....#
..##.....#....####.....#########
#.##.....#....##.......#.......#.


There were no monsters in sight!

Vanquished Creatures
  Robin (D:2)
  An adder (D:2)
  5 bats
  6 endoplasms
  4 giant cockroaches
  9 goblins
  10 hobgoblins
  13 jackals
  4 kobolds (D:1)
  4 quokkas
  6 ball pythons
  A frilled lizard (D:2)
  8 rats
72 creatures vanquished.

Notes
Turn   | Place    | Note
-------+----------+-------------------------------------------
     0 | D:1      | robertstho the Tengu Berserker began the quest for the Orb.
     0 | D:1      | Reached XP level 1. HP: 14/14 MP: 2/2
   322 | D:1      | Reached XP level 2. HP: 14/19 MP: 3/3
   970 | D:1      | Reached ** piety under Trog
   971 | D:1      | Reached skill level 4 in Axes
   971 | D:1      | Reached XP level 3. HP: 19/23 MP: 4/4
  1664 | D:2      | Noticed Robin
  1667 | D:2      | Reached skill level 1 in Stealth
  1671 | D:2      | Killed Robin
  1672 | D:2      | Reached XP level 4. HP: 28/28 MP: 5/5
  2235 | D:2      | Reached *** piety under Trog
  2345 | D:2      | HP: 2/42 [poisoned by an adder]
  2348 | D:2      | Succumbed to an adder's poison

Illustrated notes

Levels and vault maps discovered:
D:1:      minmay_arrival_plants_in_alcoves, layout_basic, minmay_box_of_dots
D:2:      minmay_angry_zag, layout_basic, st_stairs_3, uniq_natasha, uniq_robin

Skill      XL: |  1  2  3 |
---------------+----------+-----
Axes           | 4 |  4.7
Stealth        | 1 |  1.2
Fighting       | |  3.5
Armour         | |  2.4
Dodging        | |  2.9

Action                   |  1- 3 |  4- 6 || total
-------------------------+-------+-------++-------
Melee: Hand axe          |    64 |    44 ||   108
       Peck              |     7 |     5 ||    12
       Kick              |     8 |    10 ||    18
Invok: Berserk           |     5 |     1 ||     6
  Use: Scroll            |     3 |     1 ||     4
 Stab: Sleeping          |     4 |     4 ||     8
Armor: Animal skin       |    13 |    11 ||    24
Dodge: Dodged            |    38 |    15 ||    53
Block: Kite shield       |     1 |    13 ||    14

Table legend: (Time is in decaauts)
 A = Elapsed time spent in this place.
 B = Non-inter-level travel time spent in this place.
 C = Inter-level travel time spent in this place.
 D = Time resting spent in this place.
 E = Time spent auto-exploring this place.
 F = Levels seen in this place.
 G = Mean time per level.
                   A        B        C        D        E       F      G
               +--------+--------+--------+--------+--------+-----+--------+
         Total |   2421 |   2392 |     29 |    389 |   1693 |   2 | 1210.5 |
       Dungeon |   2421 |   2392 |     29 |    389 |   1693 |   2 | 1210.5 |
               +--------+--------+--------+--------+--------+-----+--------+

Top non-repeatable levels by time:
     D:1: 1713 daAuts
     D:2: 708 daAuts
